Map: [ESL] Post-Youth

Players

Scarlett - Winner!

  • Race: Zerg Zerg
  • Spawn Location: 7:00

Kelazhur

  • Race: Terran Terran
  • Spawn Location: 1:00

Event: ESL SC2 Masters 2024 Spring (Regional)

VOD

Have the link to the VOD?

Description

Time

  • Played on: April 19, 2024, 2:37 p.m.
  • Length: 16:26

All games in this series

Show
View Real Time Build Order
Export as new Build Order

Scarlett Zerg - Winner!

Build Orders: Hatch First 

Get SALT Encoding   

  12  0:00  Drone  
  13  0:12  Overlord  
  13  0:19  Drone  
  14  0:31  Drone x2  
  16  0:48  Hatchery  
  15  0:52  Drone  
  15  0:56  Drone  
  17  0:59  Drone  
  18  1:09  Extractor  
  17  1:15  Spawning Pool  
  16  1:19  Drone  
  16  1:22  Drone  
  18  1:28  Drone  
  19  1:39  Drone  
  20  2:02  Zergling x6, Queen x2  
  27  2:09  Metabolic Boost  
  27  2:12  Overlord  
  27  2:18  Spore Crawler  
  25  2:29  Drone x2  
  28  2:34  Drone x2  
  28  2:36  Drone  
  33  2:47  Overlord  
  33  2:52  Drone  
  33  2:55  Drone  
  33  3:00  Hatchery  
  32  3:06  Drone x2  
  32  3:10  Drone x2  
  32  3:12  Drone x2  
  38  3:17  Overlord  
  38  3:21  Queen  
  38  3:23  Drone  
  41  3:28  Overlord  
  41  3:33  Overlord  
  41  3:40  Drone x5  
  46  3:43  Overlord  
  46  3:45  Drone x2  
  48  3:51  Drone x3  
  48  3:55  Queen  
  51  4:00  Queen  
  55  4:06  Drone  
  55  4:07  Drone x3  
  59  4:12  Queen  
  59  4:14  Zergling x2  
  59  4:16  Drone x2  
  64  4:19  Drone  
  64  4:20  Drone x2  
  67  4:24  Drone  
  67  4:28  Drone  
  69  4:34  Drone x5  
  69  4:37  Roach Warren  
  73  4:38  Spore Crawler  
  73  4:39  Spore Crawler  
  73  4:41  Lair  
  73  4:42  Spore Crawler  
  70  4:47  Drone x3, Extractor  
  70  4:48  Extractor  
  70  4:49  Extractor  
  70  4:51  Queen  
  72  4:54  Overlord x2  
  72  4:56  Drone  
  73  5:00  Extractor  
  73  5:05  Evolution Chamber x2  
  73  5:06  Drone  
  71  5:08  Drone x7  
  71  5:11  Overlord  
  71  5:12  Extractor  
  77  5:14  Overlord  
  77  5:18  Overlord  
  77  5:21  Overlord  
  77  5:23  Overlord  
  77  5:25  Drone x3  
  79  5:38  Drone  
  79  5:39  Drone x2  
  79  5:40  Drone x3  
  79  5:42  Zerg Ground Armor Level 1, Glial Reconstitution, Zerg Missile Weapons Level 1  
  85  5:43  Roach  
  85  5:44  Roach  
  89  5:52  Roach x4  
  89  5:55  Overseer  
  89  5:56  Roach  
  99  6:01  Roach  
  101  6:08  Roach x2  
  101  6:09  Overlord  
  101  6:10  Roach x2  
  111  6:17  Infestation Pit  
  109  6:21  Roach x5  
  119  6:28  Hatchery  
  119  6:29  Roach  
  119  6:30  Roach x2  
  122  6:34  Roach  
  122  6:38  Overlord x4  
  124  6:46  Roach  
  124  6:47  Roach x5  
  134  6:54  Overlord x3  
  134  7:03  Roach x4  
  142  7:09  Infestor x2  
  142  7:14  Ravager x5  
  151  7:15  Ravager  
  151  7:16  Drone x4  
  156  7:25  Overlord  
  156  7:28  Drone x4  
  156  7:29  Hatchery  
  157  7:47  Roach x3  
  157  7:48  Roach x5  
  172  7:59  Spore Crawler  
  171  8:08  Spore Crawler  
  171  8:09  Roach x11  
  171  8:11  Zerg Ground Armor Level 2, Hive  
  171  8:12  Zerg Melee Weapons Level 1  
  192  8:15  Drone  
  192  8:16  Baneling Nest  
  188  8:24  Drone x7  
  195  8:29  Extractor  
  195  8:32  Drone x3  
  188  8:41  Roach x4  
  188  8:42  Ravager x2  
  188  8:43  Ravager  
  197  8:51  Hatchery  
  197  8:54  Infestor  
  198  9:01  Centrifugal Hooks  
  198  9:03  Hatchery  
  198  9:05  Drone x3, Hatchery  
  198  9:07  Spore Crawler  
  192  9:26  Adrenal Glands  
  192  9:27  Ultralisk Cavern  
  192  9:28  Drone x3  
  199  9:42  Viper  
  197  9:48  Zergling x4  
  189  10:03  Zergling x16  
  189  10:05  Ravager  
  189  10:06  Ravager  
  199  10:09  Zerg Melee Weapons Level 2  
  199  10:17  Chitinous Plating  
  197  10:22  Zergling x4  
  197  10:27  Baneling x10  
  199  10:29  Baneling  
  199  10:30  Baneling x9  
  195  10:38  Zergling x12  
  199  10:49  Hatchery  
  198  10:55  Hatchery  
  182  11:07  Ultralisk x4  
  189  11:12  Drone x2  
  189  11:14  Zergling x20  
  191  11:25  Zergling x54, Ultralisk  
  189  11:30  Ravager x3  
  189  11:31  Zergling x16  
  200  11:34  Extractor x2  
  200  11:36  Anabolic Synthesis  
  188  11:46  Zergling x12, Ultralisk  
  198  11:48  Baneling x5  
  195  11:57  Zergling x14  
  195  12:01  Infestor  
  179  12:02  Zergling x14  
  172  12:12  Zergling x14  
  172  12:15  Ultralisk  
  171  12:20  Queen  
  172  12:24  Extractor x2  
  172  12:25  Zergling x2, Zerg Ground Armor Level 3  
  172  12:26  Zergling x14  
  178  12:31  Zergling x12  
  158  12:37  Infestor  
  158  12:41  Drone x7  
  164  12:48  Drone x2  
  166  12:52  Queen x2  
  166  12:53  Zerg Melee Weapons Level 3  
  166  12:54  Zergling x20  
  166  12:58  Ultralisk  
  185  13:11  Zergling x20, Ultralisk, Spire  
  187  13:14  Hatchery  
  187  13:15  Drone x6  
  189  13:22  Viper  
  189  13:24  Viper  
  152  13:35  Zergling x32, Ultralisk  
  152  13:38  Baneling x8  
  162  13:42  Baneling x5  
  162  13:45  Zergling x14  
  162  13:47  Burrow  
  169  13:58  Zergling x26  
  181  14:06  Ultralisk  
  181  14:08  Zergling x2  
  181  14:09  Zergling x8  
  174  14:14  Roach x3  
  171  14:20  Roach x5  
  171  14:22  Baneling x4  
  179  14:29  Zerg Flyer Weapons Level 1  
  176  14:36  Ravager x3  
  178  14:43  Infestor x2  
  182  14:48  Ravager x5  
  182  14:49  Ultralisk  
  182  14:50  Zergling x14  
  182  14:51  Baneling x8  
  198  15:09  Zergling x2  
  198  15:10  Zergling x16  
  184  15:15  Zergling x24, Ultralisk  
  184  15:16  Spore Crawler  
  196  15:23  Baneling x10  
  196  15:26  Zergling x14  
  196  15:38  Spire  
  196  15:40  Zergling x14  
  175  15:52  Zergling x32  
  190  16:10  Hatchery  
Show
View Real Time Build Order
Export as new Build Order

Kelazhur Terran 

Build Orders: Cyclone Opening, Reaper Expand 

Get SALT Encoding   

  12  0:00  SCV  
  13  0:12  SCV  
  14  0:17  Supply Depot  
  14  0:24  SCV  
  15  0:38  SCV  
  15  0:41  Barracks  
  16  0:46  Refinery  
  16  0:51  SCV  
  17  1:03  SCV  
  18  1:15  SCV  
  19  1:27  Orbital Command  
  19  1:29  Reaper  
  20  1:44  Command Center  
  20  1:54  SCV  
  20  1:55  Supply Depot  
  21  2:06  SCV  
  22  2:08  Factory  
  22  2:18  SCV  
  22  2:31  SCV  
  23  2:43  SCV  
  24  2:44  Command Center  
  24  2:51  Cyclone  
  24  2:55  SCV  
  24  2:57  Orbital Command  
  27  3:07  SCV  
  27  3:09  Starport  
  28  3:19  SCV  
  29  3:24  SCV, Refinery  
  29  3:26  Barracks Tech Lab  
  30  3:28  Factory Reactor  
  30  3:31  SCV  
  31  3:36  SCV  
  32  3:43  SCV  
  32  3:45  Barracks  
  32  3:47  Barracks  
  34  3:48  SCV  
  34  3:52  Marine  
  36  3:55  SCV  
  36  3:57  Banshee, Orbital Command  
  36  4:00  SCV  
  40  4:06  Hellion x2  
  40  4:07  SCV  
  45  4:10  Barracks Tech Lab, Refinery  
  45  4:12  SCV  
  45  4:17  Refinery  
  46  4:19  SCV  
  46  4:22  SCV  
  48  4:24  SCV  
  48  4:29  Engineering Bay x2  
  48  4:30  Stimpack  
  49  4:32  SCV  
  49  4:34  Barracks Reactor  
  49  4:35  SCV  
  49  4:36  SCV  
  52  4:40  Marine  
  52  4:45  SCV  
  54  4:48  Marine x2  
  54  4:49  Starport Reactor  
  54  4:51  SCV  
  54  4:52  Siege Tank  
  60  4:56  Supply Depot  
  60  4:57  Supply Depot  
  60  4:58  Orbital Command  
  60  5:00  Marine  
  60  5:01  Terran Infantry Weapons Level 1  
  61  5:14  Supply Depot  
  61  5:17  SCV x2, Marine x4  
  61  5:20  Barracks  
  61  5:21  Barracks  
  67  5:27  Marine  
  67  5:28  SCV  
  69  5:29  SCV x2, Supply Depot  
  69  5:35  Siege Tank, Marine x2  
  75  5:36  Marine  
  75  5:37  Marine  
  75  5:41  SCV  
  78  5:45  Terran Infantry Armor Level 1  
  78  5:46  Supply Depot  
  78  5:48  SCV x2  
  80  5:54  Medivac x2  
  80  5:55  SCV  
  85  6:00  SCV x2  
  85  6:01  Marine  
  85  6:03  Marine  
  85  6:04  Marine x3  
  90  6:08  Siege Tank  
  90  6:10  SCV  
  96  6:12  SCV  
  96  6:13  Barracks Reactor x2  
  96  6:18  Armory, Combat Shield  
  97  6:22  Supply Depot  
  97  6:23  SCV  
  97  6:25  Supply Depot  
  98  6:26  Marine x2  
  98  6:27  SCV  
  101  6:39  Supply Depot  
  101  6:43  Marine x2  
  101  6:44  SCV, Medivac, Siege Tank  
  101  6:46  Marine x3  
  110  6:47  SCV x2, Medivac  
  110  6:52  Marine  
  117  7:01  Marine x5  
  120  7:04  Supply Depot, Marine  
  120  7:06  Supply Depot, Terran Infantry Weapons Level 2  
  120  7:07  Marine  
  120  7:08  SCV  
  125  7:10  Missile Turret  
  125  7:26  Medivac, Marine x6  
  125  7:27  Siege Tank  
  136  7:30  Medivac  
  136  7:31  Supply Depot  
  136  7:33  Supply Depot  
  136  7:34  SCV  
  136  7:35  Marine x2  
  136  7:36  Refinery  
  141  7:44  Marine x2  
  141  7:50  Factory  
  141  7:53  Marine x4  
  141  7:56  Medivac  
  147  7:59  Marine x3  
  147  8:01  Terran Infantry Armor Level 2  
  147  8:02  Marauder, Marine  
  150  8:11  Marine  
  151  8:14  Siege Tank  
  151  8:18  Marine  
  155  8:29  Supply Depot  
  155  8:30  Supply Depot x2  
  139  8:50  Medivac  
  139  8:52  Medivac, Siege Tank, Marauder  
  146  8:57  Factory Tech Lab, Refinery, Marine x3  
  146  8:58  Marine x5  
  146  9:01  Supply Depot x2  
  146  9:02  Terran Vehicle Weapons Level 1  
  154  9:05  Supply Depot, Command Center  
  154  9:11  Supply Depot x2  
  154  9:13  Supply Depot, Marine  
  154  9:15  Marine x6  
  154  9:16  Siege Tank  
  164  9:21  Marine  
  164  9:23  Terran Infantry Weapons Level 3, Marine  
  166  9:28  Siege Tank  
  169  9:32  Marine  
  169  9:36  Marine  
  171  9:39  Marine x6  
  171  9:41  Marine  
  171  9:44  SCV  
  177  9:50  Siege Tank, Marine  
  177  9:52  Supply Depot  
  173  10:01  Marine x8  
  173  10:06  Siege Tank  
  178  10:08  SCV, Marauder  
  181  10:16  SCV x2, Supply Depot  
  181  10:19  Marine  
  181  10:21  Supply Depot  
  184  10:22  SCV  
  185  10:28  SCV x2  
  185  10:30  Marine, Marauder  
  185  10:32  Marine  
  185  10:33  Concussive Shells  
  185  10:34  Siege Tank  
  194  10:35  Terran Infantry Armor Level 3  
  194  10:45  Siege Tank  
  194  10:47  Marine  
  198  10:51  Marauder  
  190  11:11  Siege Tank  
  177  11:13  Marauder  
  177  11:16  Marine  
  177  11:20  Marine  
  166  11:26  Siege Tank, Marine x6  
  166  11:28  SCV  
  172  11:34  Marauder, Marine  
  172  11:38  Marine  
  173  11:41  Medivac x2  
  173  11:44  Marine x2  
  173  11:47  Marine  
  179  11:52  Siege Tank  
  183  12:00  Marine  
  183  12:01  Siege Tank, Marauder  
  167  12:07  Marine x4  
  167  12:08  Marine x3  
  175  12:11  Liberator x2  
  159  12:18  Marine  
  159  12:21  Planetary Fortress, Marine  
  149  12:24  Command Center  
  149  12:25  Marine x6  
  149  12:26  Siege Tank  
  158  12:37  Marine x2  
  152  12:38  Siege Tank  
  152  12:40  SCV x3, Marauder  
  156  12:47  Marine  
  157  12:51  Barracks  
  157  12:52  Barracks  
  157  12:55  Barracks  
  158  12:58  SCV  
  158  13:01  Marauder  
  158  13:02  Siege Tank  
  161  13:11  Liberator x2  
  161  13:12  Marine  
  155  13:13  Marine x2  
  155  13:15  Siege Tank  
  160  13:22  Marauder  
  160  13:25  Marine  
  154  13:32  Marine  
  132  13:34  Siege Tank  
  132  13:35  Marine x6  
  138  13:43  Marine x2  
  138  13:47  Command Center  
  140  13:48  Neosteel Armor, Hi-Sec Auto Tracking, Terran Vehicle Weapons Level 2  
  140  13:50  Marine  
  140  13:52  Marine  
  140  13:53  Marine x2  
  144  14:02  Marauder  
  146  14:03  Siege Tank  
  146  14:07  Marine x4  
  146  14:08  Siege Tank, Marine  
  129  14:10  Marine  
  129  14:11  Marine  
  129  14:14  Marine  
  127  14:22  Marine  
  127  14:23  SCV x2, Marauder, Marine x2  
  125  14:25  Marine x4  
  125  14:26  Marine  
  125  14:28  Marine  
  125  14:29  Marine  
  128  14:32  Marine  
  128  14:35  Siege Tank  
  132  14:40  Liberator, Siege Tank  
  132  14:43  Marine x3  
  144  14:48  Marine x2  
  145  14:53  Barracks Tech Lab x3  
  145  14:55  Ghost Academy  
  145  14:56  Missile Turret  
  145  14:59  Liberator  
  146  15:07  Siege Tank  
  146  15:09  Marauder  
  146  15:12  Siege Tank, Marauder  
  131  15:17  Marine  
  119  15:24  Marine  
  116  15:30  SCV, Marauder  
  119  15:48  Siege Tank  
  108  15:52  Marauder  
  108  15:54  Marauder  
Tags
 
Add a new tag
Caveats
  • Supply blocks, unpowered buildings, or Contaminate may cause inaccurate times.
  • Supply counts are checked every 10 seconds.